 Dungeon Crawl Stone Soup version 0.31-a0-265-gcf7e37af1d (webtiles) character file.

Game seed: 17037107353998899841

135 qw the Shooter (level 4, 0/37 HPs)
             Began as a Minotaur Hexslinger on July 13, 2023.
             Succumbed to a scorpion's poison
             ... on level 4 of the Dungeon.
             The game lasted 00:00:45 (1395 turns).

qw the Shooter (Minotaur Hexslinger)                Turns: 1395, Time: 00:00:46

Health: 0/37       AC: 10    Str: 13    XL:     4   Next: 97%
Magic:  4/4        EV: 11    Int: 10    God:
Gold:   156        SH:  0    Dex: 14    Spells: 4/5 levels left

rFire   . . .        Y - +1 sling
rCold   . . .        (no shield)
rNeg    . . .        i - +0 ring mail
rPois   .            (helmet restricted)
rElec   .            (no cloak)
rCorr   .            b - +0 pair of gloves
SInv    .            (no boots)
Will    .....        (no amulet)
Stlth   +            j - +4 ring of protection
HPRegen 0.26/turn    (no ring)
MPRegen 0.09/turn

%: no passive effects
@: lethally poisoned (0 -> -21)
A: horns 2, retaliatory headbutt
a: no special abilities


You were on level 4 of the Dungeon.
You visited 1 branch of the dungeon, and saw 5 of its levels.

You collected 156 gold pieces.


Innate Abilities, Weirdness & Mutations

You have a pair of horns on your head.
You reflexively headbutt those who attack you in melee.


   Skills:
 + Level 2.4 Fighting
 - Level 5.2 Ranged Weapons
 - Level 1.0 Armour
 - Level 2.1 Dodging
 - Level 1.0 Spellcasting
 - Level 2.0 Hexes


You had 4 spell levels left.
You knew the following spells:

 Your Spells              Type           Power      Damage    Failure   Level
a - Slow                  Hex            16%        N/A       32%         1

Your spell library contained the following spells:

 Spells                   Type           Power      Damage    Failure   Level
 Inner Flame              Hex/Fire       2%         N/A       82%         3
 Portal Projectile        Hex/Tloc       4%         N/A       82%         3
 Cause Fear               Hex            2%         N/A       97%         4

Inventory:

Hand Weapons
 Y - a +1 sling (weapon)
Armour
 b - a +0 pair of gloves (worn)
 i - a +0 ring mail (worn)
Jewellery
 j - a +4 ring of protection (left hand)
 l - a +6 ring of dexterity
 m - a +6 ring of intelligence
Scrolls
 k - a scroll of enchant armour {unknown}
Potions
 a - 3 potions of curing
 c - a potion of brilliance {unknown}
 d - a potion of haste {unknown}
 e - a potion of attraction {unknown}
 f - a potion of enlightenment
 g - a potion of might {unknown}
 h - a potion of resistance {unknown}

Dungeon Overview and Level Annotations

Branches:
Dungeon (5/15)
 Temple: D:4-7

Altars:


Message History

The scorpion closely misses you.
The scorpion stings you but does no damage.
You shoot a sling bullet. The sling bullet hits the scorpion.
The scorpion is heavily wounded.
The scorpion stings you but does no damage.
The scorpion closely misses you.
You shoot a sling bullet. The sling bullet hits the scorpion!
The scorpion is almost dead.
The scorpion stings you but does no damage.
You shoot a sling bullet.
The sling bullet barely misses the scorpion.
The scorpion closely misses you.
You shoot a sling bullet.
The sling bullet closely misses the scorpion.
The scorpion stings you.
You are poisoned.
The scorpion poisons you!
The scorpion stings you but does no damage.
You shoot a sling bullet.
The sling bullet hits the scorpion but does no damage.
The scorpion is severely wounded.
You feel very sick. The scorpion stings you.
You are more poisoned.
The scorpion poisons you!
You shoot a sling bullet.
The sling bullet hits the scorpion but does no damage.
The scorpion is severely wounded.
You feel very sick. The scorpion stings you.
You are lethally poisoned!
The scorpion poisons you! The scorpion barely misses you.
You shoot a sling bullet.
The sling bullet hits the scorpion but does no damage.
The scorpion is severely wounded.
You feel extremely sick. The scorpion stings you.
You shoot a sling bullet. The sling bullet hits the scorpion.
You kill the scorpion!
You die...

... ...
#.. #.#
#.# #.#
####.###
##...@..#
#.....[.#
#.......#
#.......#
##.....:#
#.......#
#.#######
##.#
#..###


There were no monsters in sight!

Vanquished Creatures
  A scorpion (D:4)
  An iguana (D:4)
  4 adders
  A worm (D:4)
  A dart slug (D:1)
  3 orcs (D:2)
  5 ball pythons
  A bat (D:1)
  6 endoplasms
  5 giant cockroaches
  11 goblins
  4 hobgoblins
  7 kobolds
  4 quokkas
  6 rats
60 creatures vanquished.

Notes
Turn   | Place    | Note
-------+----------+-------------------------------------------
     0 | D:1      | qw the Minotaur Hexslinger began the quest for the Orb.
     0 | D:1      | Reached XP level 1. HP: 16/16 MP: 1/1
     0 | D:1      | 0 ||| qw: Version: 0.3-a-52-g30416fa
     0 | D:1      | 0 ||| qw: Game counter: 7611
     0 | D:1      | 0 ||| qw: Melee chars always use a shield: true
     0 | D:1      | 0 ||| qw: God list: Okawaru
     0 | D:1      | 0 ||| qw: Allow faded altars: false
     0 | D:1      | 0 ||| qw: Do Orc after clearing Dungeon:15 true
     0 | D:1      | 0 ||| qw: Do second Lair branch before Depths: true
     0 | D:1      | 0 ||| qw: Lair rune preference: random
     0 | D:1      | 0 ||| qw: Goals: Normal
     0 | D:1      | 0 ||| PLANNING D:1-11
    82 | D:1      | Reached skill level 3 in Ranged Weapons
    82 | D:1      | Reached XP level 2. HP: 23/23 MP: 2/2
   296 | D:1      | Reached XP level 3. HP: 29/29 MP: 3/3
   513 | D:1      | 513 ||| UPGRADING to +0 ring mail.
   523 | D:1      | 523 ||| DROPPING +0 robe.
   524 | D:1      | 524 ||| UPGRADING to +4 ring of protection.
   525 | D:1      | 525 ||| READING scroll labelled WEYDOH IXOF.
   526 | D:1      | 526 ||| DRINKING 2 smoky red potions.
   527 | D:1      | 527 ||| DROPPING scroll of poison.
   610 | D:2      | Reached skill level 4 in Ranged Weapons
   680 | D:2      | Reached skill level 1 in Armour
   803 | D:2      | Reached XP level 4. HP: 24/36 MP: 4/4
  1118 | D:2      | 1118 ||| UPGRADING to +0 pair of gloves.
  1123 | D:2      | 1123 ||| DRINKING 2 blue potions.
  1124 | D:2      | 1124 ||| DRINKING 2 orange potions.
  1156 | D:2      | 1156 ||| DROPPING potion of lignification.
  1199 | D:3      | You fall into a shaft and drop 2 floors!
  1199 | D:5      | Entered Level 5 of the Dungeon
  1219 | D:5      | 1219 ||| FLEEEEING.
  1220 | D:5      | 1220 ||| FLEEEEING.
  1221 | D:5      | 1221 ||| FLEEEEING.
  1222 | D:5      | 1222 ||| STAIRDANCE
  1314 | D:4      | Reached skill level 5 in Ranged Weapons
  1381 | D:4      | Noticed a scorpion
  1394 | D:4      | HP: 6/37 [scorpion (5)]
  1395 | D:4      | Killed a scorpion
  1395 | D:4      | Succumbed to a scorpion's poison

Levels and vault maps discovered:
D:1:      psy_arrival_dodecagon, layout_basic, st_stairs_4
D:2:      layout_basic
D:3:      minmay_roachtagon, layout_basic, trog_wizard, lemuel_crystal_altar,
          gammafunk_ghost_mausoleum, serial_shops, shop, minmay_misc_feat_doors,
          grunt_decor_clamped
D:4:      layout_basic, riverfiend_overflow_shadow_ancestor, lemuel_tele_altar
D:5:      layout_rooms, serial_glass, glass_columns_b, glass_columns_a,
          minmay_starry_boxes

Skill      XL: |  1  2  3  4 |
---------------+-------------+-----
Ranged Weapons | 3 4 5 |  5.2
Fighting       | 2 |  2.4
Armour         | 1 |  1.0
Dodging        | |  2.1
Spellcasting   | |  1.0
Hexes          | |  2.0

Action                     |  1- 3 |  4- 6 || total
---------------------------+-------+-------++-------
   Fire: Sling             |   113 |    74 ||   187
    Use: Potion            |     1 |     2 ||     3
         Scroll            |     1 |       ||     1
 Armour: Robe              |     1 |       ||     1
         Ring mail         |     7 |    23 ||    30
  Dodge: Dodged            |    29 |    18 ||    47

Table legend:
 A = Non-vault XP
 B = Vault XP
 C = Vault XP percentage of total XP
 D = Non-vault monster count
 E = Vault monster count
 F = Vault count percentage of total count
                 A         B        C        D         E       F
            +---------+---------+-------+---------+---------+-------
      Total |     276 |       5 |   1.8 |      57 |       3 |   5.0
            +---------+---------+-------+---------+---------+-------
        D:1 |      43 |       5 |  10.4 |      22 |       3 |  12.0
        D:2 |      68 |       0 |   0.0 |      24 |       0 |   0.0
        D:3 |       2 |       0 |   0.0 |       1 |       0 |   0.0
        D:4 |     163 |       0 |   0.0 |      10 |       0 |   0.0
            +---------+---------+-------+---------+---------+-------
